 Dungeon Crawl Stone Soup version 0.25-a0-834-g55863b0b92 (webtiles) character file.

Game seed: 17728881492901128403, levelgen mode: deterministic

602 Maedhros the Sneak (level 7, -3/43 HPs)
             Began as an Octopode Artificer on Apr 22, 2020.
             Slain by a howler monkey (4 damage)
             ... on level 7 of the Dungeon.
             The game lasted 00:07:14 (1271 turns).

Maedhros the Sneak (Octopode Artificer)             Turns: 1271, Time: 00:07:15

Health: -3/43      AC:  1    Str: 12    XL:     7   Next: 41%
Magic:  20/20      EV: 13    Int: 13    God:
Gold:   126        SH:  0    Dex: 14    Spells: 6/6 levels left

rFire    . . .     SeeInvis .   a - +0 short sword
rCold    . . .     Gourm    .   (no shield)
rNeg     . . .     Faith    .   (helmet restricted)
rPois    .         Spirit   .   (no amulet)
rElec    .         Reflect  .   k - ring of magical power
rCorr    .         Harm     .   (no ring)
MR       .....                  (no ring)
Stlth    ++++......             (no ring)
HPRegen  0.14/turn              (no ring)
MPRegen  0.17/turn              (no ring)
                                (no ring)
                                (no ring)

@: no status effects
A: almost no armour, stealthy swim, amphibious, 8 rings, constrict 8, camouflage
1, gelatinous body 1
a: no special abilities


You were on level 7 of the Dungeon.
You were very hungry.

You visited 1 branch of the dungeon, and saw 7 of its levels.

You collected 126 gold pieces.

Inventory:

Hand Weapons
 a - a +0 short sword (weapon)
Missiles
 g - a throwing net (quivered)
Jewellery
 k - a ring of magical power (left tentacle)
Wands
 b - a wand of flame (2)
 c - a wand of enslavement (8)
Scrolls
 d - a scroll of blinking
 e - a scroll of remove curse
 h - a scroll of fog {unknown}
Potions
 i - a potion of curing
 j - a potion of might
Comestibles
 f - 2 rations


   Skills:
 - Level 1.0 Fighting
 - Level 1.0 Short Blades
 - Level 2.0 Dodging
 + Level 5.5 Stealth
 * Level 5.3 Unarmed Combat
 + Level 5.3 Evocations


You had 6 spell levels left.
You didn't know any spells.
Your spell library was empty.

Dungeon Overview and Level Annotations

Branches:
Dungeon (7/15)
 Temple: D:4-7

Altars:
Dithmenos
Hepliaklqana
Okawaru
Uskayaw

Shops:
D:6 *[[

Annotations:
D:6 exclusion: sky beast


Innate Abilities, Weirdness & Mutations

You cannot wear most types of armour.
You are very stealthy in the water. (Stealth+)
You are amphibious.
You can wear up to eight rings at the same time.
You can use your tentacles to constrict eight enemies at once.
Your skin changes colour to match your surroundings (Stealth+).
Your rubbery body absorbs attacks. (AC +1, EV +1)


Message History

The bullfrog hits you!
* * * LOW HITPOINT WARNING * * *
You see here 18 gold pieces.
Evoke which item? (* to show all) (? for menu, Esc to quit)
Aiming: Enslavement
Press: ? - help, Shift-Dir - straight line, f - bullfrog
Aim: a bullfrog (chance to defeat MR: 62%)
The bullfrog resists with significant effort.
The bullfrog hits you.
* * * LOW HITPOINT WARNING * * *
The bullfrog swells and bulges.
The bullfrog closely misses you.
Evoke which item? (* to show all) (? for menu, Esc to quit)
Okay, then.
Evoke which item? (* to show all) (? for menu, Esc to quit)
Aiming: Enslavement
Press: ? - help, Shift-Dir - straight line, f/p - bullfrog
Aim: a bullfrog (chance to defeat MR: 62%)
The bullfrog is charmed.
The howler monkey hits you.
You die...

.%....##.#......##...
.......###.....##...
.#......##........###
......>.......#.....#
.$...........##.....##
........h.##..........
...........##hhs..##
..........h...#Fh.#
......##..lOh##.@.#
#.....########
#....##.##....##
#..####...####..##
........#...?.....
####..###.h####..
.......#....h...#
..####...####...# #
##.## ##.


You could see a scorpion, 2 howler monkeys, a jackal and a friendly bullfrog.

Vanquished Creatures
  A necrophage (D:5)
  An orc warrior (D:6)
  An ice beast (D:5)
  A sky beast (D:6)
  A water moccasin zombie (D:6)
  A howler monkey (D:6)
  A hound (D:5)
  A centaur skeleton (D:7)
  A worker ant (D:6)
  4 adders
  3 giant cockroaches
  3 hobgoblins
  3 jackals (D:6)
  A frilled lizard (D:2)
  A goblin (D:2)
  6 kobolds
  3 rats
33 creatures vanquished.

Vanquished Creatures (collateral kills)
  3 orcs (D:6)
  4 jackals (D:6)
7 creatures vanquished.

Vanquished Creatures (others)
  An adder (D:2)
1 creature vanquished.

Grand Total: 41 creatures vanquished

Notes
Turn   | Place    | Note
-------+----------+-------------------------------------------
     0 | D:1      | Maedhros the Octopode Artificer began the quest for the
                  | Orb.
     0 | D:1      | Reached XP level 1. HP: 13/13 MP: 3/3
   121 | D:2      | Reached skill level 1 in Unarmed Combat
   121 | D:2      | Reached XP level 2. HP: 12/18 MP: 4/4
   249 | D:3      | Found an iron altar of Okawaru.
   396 | D:5      | Entered Level 5 of the Dungeon
   444 | D:5      | Reached XP level 3. HP: 17/23 MP: 5/5
   478 | D:5      | Reached XP level 4. HP: 21/28 MP: 6/6
   529 | D:5      | Found a hazy altar of Hepliaklqana.
   530 | D:5      | Found an iron altar of Okawaru.
   573 | D:5      | Noticed an ice beast
   585 | D:5      | Killed an ice beast
   585 | D:5      | Reached XP level 5. HP: 14/33 MP: 6/8
   596 | D:5      | Noticed a necrophage
   662 | D:5      | Killed a necrophage
   662 | D:5      | Reached XP level 6. HP: 25/38 MP: 9/9
   715 | D:6      | Noticed a sky beast
   783 | D:6      | Noticed a sky beast
   785 | D:6      | Found Qatsoi Leri's Armour Shop.
   844 | D:6      | Killed a sky beast
   895 | D:6      | Noticed an orc warrior
   946 | D:6      | Killed an orc warrior
   946 | D:6      | Reached skill level 5 in Stealth
   946 | D:6      | Reached skill level 5 in Evocations
   946 | D:6      | Reached XP level 7. HP: 6/43 MP: 10/10
   954 | D:6      | Found Qioronora's Antique Armour Shoppe.
   966 | D:6      | Found a shadowy altar of Dithmenos.
  1007 | D:6      | Found Uskylun's General Store.
  1042 | D:6      | Found a hide-covered altar of Uskayaw.
  1081 | D:6      | Reached skill level 5 in Unarmed Combat
  1267 | D:7      | HP: 2/43 [bullfrog (8)]
  1271 | D:7      | Slain by a howler monkey

Levels and vault maps discovered:
D:1:      eino_arrival_tree_alley, layout_loops_ring, minmay_tromino_v7
D:2:      layout_loops_ring, first_ration
D:3:      layout_basic, kennysheep_okawaru_gauntlet, uniq_terence
D:4:      layout_rooms, minmay_temple_entry_fiery, minmay_misc_feat_square,
          uniq_menkaure, uniq_blork_the_orc, uniq_purgy
D:5:      layout_basic, grunt_temple_overflow_open
D:6:      layout_rooms, nicolae_overflow_hidden_temple,
          nicolae_dithmenos_the_darkroom, serial_shops,
          nicolae_shop_temple_entry_statues_fountains, shop, shop,
          serial_rivers, chequers_serial_rivers_micro_b,
          chequers_serial_rivers_room_b, chequers_serial_rivers_micro_e,
          chequers_serial_rivers_marsh, chequers_serial_rivers_room_b
D:7:      wad_crossroads, layout_cave_pools, trog_ov_bears_minmay

Skill      XL: |  1  2  3  4  5  6  7 |
---------------+----------------------+-----
Unarmed Combat | 1 2 3 4 5 |  5.3
Stealth        | 2 3 4 5 |  5.5
Evocations     | 4 5 |  5.3
Fighting       | |  1.0
Short Blades   | |  1.0
Dodging        | |  2.0

Action                   |  1- 3 |  4- 6 |  7- 9 || total
-------------------------+-------+-------+-------++-------
Melee: Short sword       |    46 |    27 |     9 ||    82
       Constrict         |    14 |     5 |     2 ||    21
       Tentacles         |     7 |     5 |     3 ||    15
       Punch             |       |     1 |     1 ||     2
Evoke: Wand              |     3 |    23 |     9 ||    35
  Use: Potion            |       |     1 |       ||     1
       Scroll            |       |       |     4 ||     4
 Stab: Sleeping          |     3 |     5 |     1 ||     9
       Paralysed         |       |     2 |       ||     2
       Confused          |       |     1 |       ||     1
Armor: Skin              |     2 |       |     1 ||     3
Dodge: Dodged            |    16 |     9 |     8 ||    33

Table legend:
 A = Non-vault XP
 B = Vault XP
 C = Vault XP percentage of total XP
 D = Non-vault monster count
 E = Vault monster count
 F = Vault count percentage of total count
                 A         B        C        D         E       F
            +---------+---------+-------+---------+---------+-------
      Total |     861 |       0 |   0.0 |      40 |       0 |   0.0
            +---------+---------+-------+---------+---------+-------
        D:1 |       9 |       0 |   0.0 |       6 |       0 |   0.0
        D:2 |       7 |       0 |   0.0 |       6 |       0 |   0.0
        D:3 |       6 |       0 |   0.0 |       3 |       0 |   0.0
        D:4 |       4 |       0 |   0.0 |       2 |       0 |   0.0
        D:5 |     342 |       0 |   0.0 |       6 |       0 |   0.0
        D:6 |     454 |       0 |   0.0 |      16 |       0 |   0.0
        D:7 |      39 |       0 |   0.0 |       1 |       0 |   0.0
            +---------+---------+-------+---------+---------+-------
